 Dungeon Crawl Stone Soup version 0.23.0 (webtiles) character file.

Game seed: 15897111188248354925

2993 Nuz the Archer (level 9, -7/81 HPs)
             Began as a Centaur Hunter on Feb 10, 2019.
             Was a Priest of Nemelex Xobeh.
             Mangled by a death yak (21 damage)
             ... on level 8 of the Dungeon on Feb 16, 2019.
             The game lasted 00:31:48 (10921 turns).

Nuz the Archer (Centaur Hunter)                    Turns: 10921, Time: 00:31:49

Health: -7/81      AC: 10    Str: 17    XL:     9   Next: 54%
Magic:  9/9        EV:  6    Int: 10    God:    Nemelex Xobeh [***...]
Gold:   573        SH:  0    Dex: 11    Spells: 8/8 levels left

rFire    . . .     SeeInvis .   b - +4 whip
rCold    . . .     Gourm    .   (no shield)
rNeg     . . .     Faith    .   j - +0 chain mail
rPois    +         Spirit   .   g - +0 hat {MR+}
rElec    .         Reflect  .   p - +2 cloak {rPois}
rCorr    .         Harm     .   (no gloves)
MR       +....                  (no barding)
Stlth    ..........             (no amulet)
HPRegen  0.23/turn              (no ring)
MPRegen  0.11/turn              (no ring)

@: very quick
A: large, hooves 3, deformed body, speed 2, tough skin 3
a: Draw Escape, Draw Destruction, Draw Summoning, Triple Draw, Renounce Religion


You were on level 8 of the Dungeon.
You worshipped Nemelex Xobeh.
Nemelex Xobeh was most pleased with you.
You were not hungry.

You visited 1 branch of the dungeon, and saw 8 of its levels.

You collected 573 gold pieces.

Inventory:

Hand Weapons
 a - a +1 shortbow
 b - a +4 whip (weapon)
Missiles
 d - 34 arrows
Armour
 g - a +0 hat of magic resistance (worn)
 j - a +0 chain mail (worn)
 p - a +2 cloak of poison resistance (worn)
Jewellery
 z - an uncursed amulet of guardian spirit {unknown}
Wands
 l - a wand of acid (5)
 o - a wand of enslavement (2)
Scrolls
 e - 2 scrolls of remove curse {@r2}
 h - a scroll of enchant weapon {unknown}
 k - a scroll of teleportation
 r - a scroll of magic mapping {unknown}
 s - a scroll of noise {unknown}
 w - a scroll of random uselessness {unknown}
 y - a scroll of fog {unknown}
Potions
 c - 2 potions of brilliance
 i - 2 potions of flight
 m - a potion of curing {@q1}
 n - a potion of agility
 t - 2 potions of berserk rage
 u - a potion of invisibility
 v - 2 potions of haste
 x - a potion of lignification {unknown}
 A - a potion of might {unknown}
Comestibles
 f - 16 rations


   Skills:
 + Level 7.9 Fighting
 + Level 11.2 Bows
 + Level 6.0 Dodging
 - Level 0.4 Stealth


You had 8 spell levels left.
You didn't know any spells.
Your spell library contained the following spells:

 Spells                   Type           Power        Failure   Level  Hunger
 Confusing Touch          Hex            #.....       100%        1    ##.....
 Confuse                  Hex            #.......     100%        3    ####...
 Gell's Gravitas          Tloc           #.........   100%        3    ####...
 Recall                   Summ/Tloc      N/A          100%        3    ####...
 Petrify                  Tmut/Erth      #.......     100%        4    #####..
 Aura of Abjuration       Summ           #.........   100%        5    ######.
 Metabolic Englaciation   Hex/Ice        #.........   100%        5    ######.
 Summon Demon             Summ           #.........   100%        5    ######.
 Summon Forest            Summ/Tloc      #.........   100%        5    ######.
 Summon Mana Viper        Hex/Summ       #.......     100%        5    ######.
 Yara's Violent Unravell  Hex/Tmut       #.........   100%        5    ######.
 Shadow Creatures         Summ           N/A          100%        6    #######


Dungeon Overview and Level Annotations

Branches:
Dungeon (8/15)             Temple (0/1) D:4            Lair (0/6) D:8

Altars:
Cheibriados
Gozag
Nemelex Xobeh
Okawaru
Ru
Trog
Uskayaw
Vehumet


Innate Abilities, Weirdness & Mutations

You have hooves in place of feet.
Armour fits poorly on your strangely shaped body.
You cover ground very quickly.
You have extremely tough skin. (AC +3)


Message History

Okay, then.
b - a +4 whip (weapon)
You hit the death yak but do no damage. You kick the death yak.
The death yak is heavily wounded.
The death yak gores you!
* * * LOW HITPOINT WARNING * * *
The death yak gores you but does no damage.
You hit the death yak but do no damage.
You kick the death yak, but do no damage.
The death yak is heavily wounded.
The death yak gores you but does no damage.
You completely miss the death yak.
You kick the death yak, but do no damage.
The death yak is heavily wounded.
The death yak gores you but does no damage.
You hit the death yak but do no damage.
The death yak is heavily wounded.
The death yak gores you!!
You die...
Your body disappears without a glow.

#.# #.# #[# ## ### #.#
..... #.# .#.# ##.## ...
##...## .#
#.#.....############ .#
#.........@YY(.....# .##
#####.############.# ..#
#.# ###.##### #Y# #.#
##.......# #.# ##'##
#.Y(.....# #.# ##...##
#..#.###.# #.## ##.....##
#..#.# #.# #..##
##.......## ##(.#.# #.#
#..(####.........####.....#
#.#


You could see 2 death yaks.

Vanquished Creatures
  4 yaks
  A hog (D:8)
  Menkaure (D:4)
  A sky beast (D:5)
  An ice beast (D:5)
  2 ogres
  3 centaurs
  A big kobold (D:3)
  A wyvern skeleton (D:7)
  4 killer bees (D:7)
  2 crimson imps (D:6)
  A bullfrog zombie (D:6)
  A jelly (D:5)
  3 centaur skeletons
  A gnoll shaman (D:5)
  Crazy Yiuf (D:5)
  3 hounds
  2 iguanas (D:5)
  An orc wizard (D:6)
  4 worker ants
  A hound skeleton (D:5)
  A worker ant zombie (D:6)
  3 adders
  18 gnolls
  3 shadow imps
  2 oozes
  An adder skeleton (D:4)
  A worm (D:5)
  4 leopard geckos
  17 orcs
  9 giant cockroaches
  36 goblins
  27 hobgoblins
  8 jackals
  3 quokkas
  5 ball pythons
  8 bats
  4 frilled lizards
  6 kobolds
  A leopard gecko skeleton (D:5)
  5 rats
201 creatures vanquished.

Vanquished Creatures (collateral kills)
  A sky beast (D:5)
  An ogre (D:4)
  A bullfrog (D:6)
  A leopard gecko (D:4)
  A frilled lizard (D:4)
5 creatures vanquished.

Vanquished Creatures (others)
  A yak (D:8)
1 creature vanquished.

Grand Total: 207 creatures vanquished

Notes
Turn   | Place    | Note
-------+----------+-------------------------------------------
     0 | D:1      | Nuz the Centaur Hunter began the quest for the Orb.
     0 | D:1      | Reached XP level 1. HP: 17/17 MP: 1/1
   280 | D:1      | Reached XP level 2. HP: 24/24 MP: 2/2
  1209 | D:2      | Found a sparkling altar of Nemelex Xobeh.
  1240 | D:2      | Reached XP level 3. HP: 29/30 MP: 3/3
  1252 | D:2      | Became a worshipper of Nemelex Xobeh the Trickster
  1340 | D:2      | Found an iron altar of Okawaru.
  1503 | D:2      | Received a gift from Nemelex Xobeh
  1843 | D:2      | Reached skill level 6 in Bows
  1853 | D:2      | Reached XP level 4. HP: 27/37 MP: 4/4
  2661 | D:3      | Found an opulent altar of Gozag.
  2774 | D:3      | Reached * piety under Nemelex Xobeh
  3415 | D:3      | Reached XP level 5. HP: 45/45 MP: 5/5
  3890 | D:3      | Reached skill level 7 in Bows
  4339 | D:3      | Reached XP level 6. HP: 52/52 MP: 6/6
  5299 | D:4      | Found a staircase to the Ecumenical Temple.
  5315 | D:4      | Found a sacrificial altar of Ru.
  5395 | D:4      | Received a gift from Nemelex Xobeh
  5403 | D:4      | Noticed Menkaure
  5406 | D:4      | Killed Menkaure
  5406 | D:4      | Reached XP level 7. HP: 60/60 MP: 7/7
  5421 | D:4      | Found a snail-covered altar of Cheibriados.
  5449 | D:4      | Reached skill level 8 in Bows
  5901 | D:5      | Entered Level 5 of the Dungeon
  5901 | D:5      | Reached ** piety under Nemelex Xobeh
  6009 | D:5      | Reached skill level 5 in Fighting
  6834 | D:5      | Found a runed translucent door.
  6835 | D:5      | Noticed Crazy Yiuf
  6875 | D:5      | Killed Crazy Yiuf
  6875 | D:5      | Reached XP level 8. HP: 48/69 MP: 8/8
  7112 | D:5      | Reached skill level 9 in Bows
  8272 | D:6      | Found a radiant altar of Vehumet.
  8272 | D:6      | Found a bloodstained altar of Trog.
  8392 | D:6      | Reached skill level 5 in Dodging
  8797 | D:7      | Reached skill level 10 in Bows
  9874 | D:8      | Received a gift from Nemelex Xobeh
  9909 | D:8      | Reached *** piety under Nemelex Xobeh
  9972 | D:8      | Reached XP level 9. HP: 75/79 MP: 9/9
 10023 | D:8      | Noticed a -1 dagger
 10023 | D:8      | Noticed a +0 dagger
 10025 | D:8      | Found a hide-covered altar of Uskayaw.
 10361 | D:8      | Received a gift from Nemelex Xobeh
 10419 | D:8      | Noticed a death yak
 10507 | D:8      | Noticed a death yak
 10513 | D:8      | Reached skill level 11 in Bows
 10515 | D:8      | Noticed an entropy weaver
 10515 | D:8      | a death yak changed into an entropy weaver
 10516 | D:8      | Noticed an elephant
 10516 | D:8      | an entropy weaver changed into an elephant
 10718 | D:8      | Noticed a salamander
 10718 | D:8      | an elephant changed into a salamander
 10725 | D:8      | a salamander changed into a hog
 10842 | D:8      | Found a staircase to the Lair.
 10843 | D:8      | Noticed a death yak
 10921 | D:8      | Mangled by a death yak

Skill      XL: |  1  2  3  4  5  6  7  8  9 |
---------------+----------------------------+-----
Dodging        | 2 3 4 5 6 |  6.0
Bows           | 6 7 8 10 11 | 11.2
Fighting       | 3 4 5 7 |  7.9
Stealth        | |  0.4

Action                   |  1- 3 |  4- 6 |  7- 9 || total
-------------------------+-------+-------+-------++-------
Melee: Short sword       |    54 |   144 |     9 ||   207
       Kick              |    10 |    22 |    46 ||    78
       Whip              |       |       |   182 ||   182
 Fire: Shortbow          |    52 |   186 |   290 ||   528
 Abil: Draw Destruction  |       |     3 |     9 ||    12
       Draw Summoning    |       |     1 |     4 ||     5
       Draw Escape       |       |       |     4 ||     4
  Use: Scroll            |       |     4 |     7 ||    11
       Potion            |       |     4 |     2 ||     6
 Stab: Distracted        |       |       |     1 ||     1
  Eat: Chunk             |     2 |     9 |    10 ||    21
       Ration            |       |       |     1 ||     1
Armor: Leather armour    |    29 |    13 |       ||    42
       Chain mail        |       |    82 |   146 ||   228
Dodge: Dodged            |    36 |    75 |    62 ||   173
